 Dungeon Crawl Stone Soup version 0.30.0-5-g1a98f26d00 (webtiles) character file.

Game seed: 13264831134857003173

122 qeuew the Ducker (level 4, 0/36 HPs)
             Began as a Demonspawn Monk on May 11, 2023.
             Was an Initiate of Gozag.
             Slain by Pargi (1 damage)
             ... on level 3 of the Dungeon.
             The game lasted 00:02:55 (1856 turns).

qeuew the Ducker (Demonspawn Monk)                  Turns: 1856, Time: 00:02:56

Health: 0/36       AC:  3    Str: 13    XL:     4   Next: 78%
Magic:  4/4        EV: 13    Int: 11    God:    Gozag
Gold:   399        SH:  4    Dex: 18    Spells: 3/3 levels left

rFire   . . .        a - +0 spear
rCold   . . .        d - orb {light}
rNeg    . . .        j - +0 leather armour
rPois   .            (no helmet)
rElec   .            (no cloak)
rCorr   .            (no gloves)
SInv    .            (no boots)
Will    .....        (no amulet)
Stlth   +            (no ring)
HPRegen 0.26/turn    (no ring)
MPRegen 0.09/turn

%: no passive effects
@: silenced, glowing
A: condensation shield, demonic touch 1, thin skeletal structure 1
a: Renounce Religion


You were on level 3 of the Dungeon.
You worshipped Gozag.
Gozag was aware of your devotion.
You visited 1 branch of the dungeon, and saw 3 of its levels.

You collected 399 gold pieces.

Inventory:

Hand Weapons
 a - a +0 spear (weapon)
Armour
 d - an orb of light (worn)
 j - a +0 leather armour (worn)
Scrolls
 e - 3 scrolls of teleportation
Potions
 b - 2 potions of invisibility
 h - a potion of flight


   Skills:
 + Level 3.6 Fighting
 + Level 3.3 Polearms
 + Level 1.5 Armour
 * Level 3.8 Dodging


You had 3 spell levels left.
You didn't know any spells.
Your spell library contained the following spells:

 Spells                   Type           Power      Damage    Failure   Level
 Summon Guardian Golem    Hex/Summ       0%         N/A       80%         3
 Orb of Destruction       Conj           0%         9d5       100%        7
 Spellforged Servitor     Conj/Summ      0%         N/A       100%        7


Dungeon Overview and Level Annotations

Branches:
Dungeon (3/15)

Altars:
Gozag

Annotations:
D:3 Pargi


Innate Abilities, Weirdness & Mutations

A meltable shield of frost defends you. (SH +4)
Your touch may inflict minor irresistible damage on your foes.
You have a somewhat thin skeletal structure. (Dex +2, Stealth+)


Message History

You hit Pargi.
Pargi is lightly wounded.
Pargi bites you.
* * * LOW HITPOINT WARNING * * *
Pargi claws you but does no damage. x2
Unknown command.
You're too confused to move!
Pargi barely misses you. Pargi claws you but does no damage.
Pargi closely misses you.
Unknown command.
You bump into the rock wall.
Pargi bites you!
* * * LOW HITPOINT WARNING * * *
Pargi claws you.
* * * LOW HITPOINT WARNING * * *
Pargi claws you but does no damage.
Unknown command.
You bump into the rock wall.
Pargi closely misses you. x2; Pargi claws you.
* * * LOW HITPOINT WARNING * * *
Unknown command.
You barely miss Pargi. Pargi barely misses you. Pargi misses you.
Pargi completely misses you.
Unknown command.
You closely miss Pargi.
You feel less invigorated.
You feel less confused. Pargi bites you. Pargi closely misses you.
You block Pargi's attack.
Unknown command.
You completely miss Pargi. Pargi barely misses you. Pargi closely misses you.
Pargi claws you.
* * * LOW HITPOINT WARNING * * *
You hit Pargi.
Pargi is lightly wounded.
Pargi bites you.
* * * LOW HITPOINT WARNING * * *
Pargi closely misses you. Pargi claws you.
* * * LOW HITPOINT WARNING * * *
Unknown command.
You hit Pargi.
Pargi is lightly wounded.
Pargi closely misses you. x2; Pargi claws you.
You die...
Your body crumbles into a pile of gold.

....###+#.........
#.### ####..####
#. #P.+ # #. #..#
# ##.##
######..#### ....
............ ..#
####.##..... #T#
#.##.#.#. #@#
#.##..... #.#
#.##.#.#.
#.########.###....
#........#.# ##.#.
########.#.# #.#.
#....####.#)
####.......[.#.
................
.........#######


You could see Pargi.

Vanquished Creatures
  An orc wizard (D:3)
  3 adders
  A worm (D:2)
  A dart slug (D:2)
  5 orcs (D:3)
  A ball python (D:2)
  5 endoplasms
  2 giant cockroaches (D:1)
  3 hobgoblins
  7 jackals (D:1)
  7 kobolds
  2 quokkas (D:1)
  2 bats
  6 frilled lizards
  10 goblins
  2 rats (D:1)
58 creatures vanquished.

Notes
Turn   | Place    | Note
-------+----------+-------------------------------------------
     0 | D:1      | qeuew the Demonspawn Monk began the quest for the Orb.
     0 | D:1      | Reached XP level 1. HP: 18/18 MP: 1/1
    89 | D:1      | Gained mutation: Your touch may inflict minor irresistible
                  | damage on your foes. [demonic ancestry]
    89 | D:1      | Reached XP level 2. HP: 23/24 MP: 2/2
   298 | D:1      | Found a faded altar of an unknown god.
   307 | D:1      | Prayed at the altar of an unknown god.
   307 | D:1      | Became a worshipper of Gozag Ym Sagoz the Greedy
   544 | D:1      | Gained mutation: A meltable shield of frost defends you.
                  | (SH +4) [demonic ancestry]
   544 | D:1      | Reached XP level 3. HP: 29/29 MP: 3/3
   688 | D:1      | Gained mutation: You have sharp toenails. [potion of
                  | mutation]
   689 | D:1      | Lost mutation: You have sharp toenails. [potion of
                  | mutation]
   689 | D:1      | Gained mutation: You are clumsy. (Dex -2) [potion of
                  | mutation]
   689 | D:1      | Lost mutation: You are clumsy. (Dex -2) [potion of
                  | mutation]
   689 | D:1      | Gained mutation: You have a somewhat thin skeletal
                  | structure. (Dex +2, Stealth+) [potion of mutation]
   854 | D:2      | Reached skill level 1 in Armour
  1571 | D:3      | Reached XP level 4. HP: 24/35 MP: 4/4
  1828 | D:3      | Noticed Pargi
  1855 | D:3      | HP: 1/36 [Pargi (4)]
  1856 | D:3      | Slain by Pargi

Illustrated notes

Levels and vault maps discovered:
D:1:      amcnicky_arrival_feature_with_door, layout_basic,
          dreamdust_ecumenical_altar_angels_and_demons, minmay_3d_cube
D:2:      layout_basic, minmay_hexomino_f4
D:3:      corexii_shack_village, layout_loops_ring, uniq_pargi

Skill      XL: |  1  2  3 |
---------------+----------+-----
Dodging        | 3 |  3.8
Polearms       | 3 |  3.3
Armour         | 1 |  1.5
Fighting       | |  3.6

Action                     |  1- 3 |  4- 6 || total
---------------------------+-------+-------++-------
  Melee: Spear             |   156 |    57 ||   213
    Use: Scroll            |     5 |     1 ||     6
         Potion            |     2 |     1 ||     3
   Stab: Sleeping          |     4 |       ||     4
         Distracted        |       |     1 ||     1
 Armour: Robe              |    10 |       ||    10
         Leather armour    |    13 |    11 ||    24
  Dodge: Dodged            |    65 |    50 ||   115
  Block: Orb               |     4 |    11 ||    15
